 Dungeon Crawl Stone Soup version 0.31-a0-237-g2d982f9f85 (webtiles) character file.

Game seed: 10610157086804680787

36 qw the Shooter (level 3, -4/22 HPs)
             Began as a Gargoyle Hexslinger on July 10, 2023.
             Slain by Sigmund
             ... wielding a +5 scythe of venom
              (11 damage)
             ... on level 2 of the Dungeon.
             The game lasted 00:00:27 (1043 turns).

qw the Shooter (Gargoyle Hexslinger)                Turns: 1043, Time: 00:00:27

Health: -4/22      AC: 12    Str: 11    XL:     3   Next: 37%
Magic:  4/4        EV: 18    Int: 13    God:
Gold:   30         SH:  5    Dex: 14    Spells: 3/4 levels left

rFire   . . .        Y - melded +2 sling
rCold   . . .        (shield currently unavailable)
rNeg    + + +        m - melded +0 ring mail
rPois   inf          (helmet currently unavailable)
rElec   .            (cloak currently unavailable)
rCorr   .            (gloves currently unavailable)
SInv    .            (boots currently unavailable)
Will    .....        d - amulet of reflection
Stlth   +            (no ring)
HPRegen 0.23/turn    (no ring)
MPRegen 0.09/turn

%: reflection
@: fungus-form
A: melee confuse, terrified, no casting, sickness immunity, AC +3, tiny,
negative energy resistance 1, (electricity resistance), torment resistance 1,
petrification resistance
a: no special abilities


You were on level 2 of the Dungeon.
You were a sentient fungus.
You visited 1 branch of the dungeon, and saw 2 of its levels.

You collected 30 gold pieces.


Innate Abilities, Weirdness & Mutations

You are a sentient fungus.
You are tiny and evasive.
Your melee attack releases spores that confuse breathing creatures.
You become terrified and freeze when enemies are visible.
Your armour is entirely melded.
You are incapable of wielding weapons or throwing items.
You cannot cast spells.
You are immune to sickness and miasma.
((Your stone body is resilient. (AC +3)))
You are immune to poison.
You resist negative energy. (rN+)
((You are resistant to electric shocks. (rElec)))
You are resistant to unholy torment.
You are immune to petrification.


   Skills:
 - Level 2.3 Fighting
 + Level 3.1 Ranged Weapons
 - Level 1.5 Dodging
 - Level 1.0 Spellcasting
 - Level 2.6 Hexes


You had 3 spell levels left.
You knew the following spells:

 Your Spells              Type           Power      Damage    Failure   Level
a - Slow                  Hex            28%        N/A       10%         1

Your spell library contained the following spells:

 Spells                   Type           Power      Damage    Failure   Level
 Inner Flame              Hex/Fire       4%         N/A       43%         3
 Portal Projectile        Hex/Tloc       8%         N/A       43%         3
 Cause Fear               Hex            3%         N/A       67%         4

Inventory:

Hand Weapons
 Y - a +2 sling (melded)
Armour
 m - a +0 ring mail (melded)
Jewellery
 d - an amulet of reflection (around neck)
Scrolls
 a - a scroll of identify
Potions
 i - a potion of curing

Dungeon Overview and Level Annotations

Branches:
Dungeon (2/15)

Altars:

Annotations:
D:2 Sigmund


Message History

The sling bullet closely misses the giant cockroach.
The giant cockroach barely misses you. The giant cockroach bites you.
You shoot a sling bullet.
The sling bullet hits the giant cockroach.
You kill the giant cockroach!
You start resting.
HP restored.
You see here 5 stones.
Sigmund the Dreaded comes into view.
He is wielding a +5 scythe of venom, wearing a +2 robe of willpower and carrying a wand of polymorph (7).
Sigmund shouts!
You shoot a sling bullet.
The sling bullet closely misses Sigmund.
Sigmund says, "Now you see me, now you don't..."
Sigmund points at you and mumbles some strange words.
You resist with significant effort.
You shoot a sling bullet.
The sling bullet closely misses Sigmund.
Sigmund hits you from afar with a +5 scythe of venom!
You shoot a sling bullet. The sling bullet barely misses Sigmund.
Sigmund gestures at you while chanting. The puff of flame hits you.
Sigmund zaps a wand.
You turn into a sentient fungus.
Your +2 sling melds into your body.
Your +0 ring mail melds into your body.
Sigmund casts a spell at you. You resist with significant effort.
Sigmund closely misses you.
Sigmund casts a spell.
Sigmund flickers and vanishes!
Deactivating autopickup; reactivate with Ctrl-A.
Autopickup is now on.
Something completely misses you. Something completely misses you.
You hear some strange, mumbled words.
A puff of flame appears from out of thin air!
Deactivating autopickup; reactivate with Ctrl-A.
The puff of flame hits you.
Autopickup is now on.
Something hits you!
Ouch! That really hurt!
You die...

#### #.# .....# ....###
#.# .....## .....# #.#
....... #. ###.#.####
##.##.....# #.
#........###.(.#.....#
#..#.....##.##.....##.#
#..#.#.#.........{....#
#..#.#.#.##.####.######
#......#.##.# #f#
#...........# #.#
####.######## #+#
......# ####).##
#..%.## ###.#...####
.........<.+
........####


There were no monsters in sight!

Vanquished Creatures
  An adder (D:2)
  5 bats (D:1)
  3 giant cockroaches
  3 hobgoblins (D:1)
  5 kobolds
  A quokka (D:1)
  5 ball pythons
  A frilled lizard (D:1)
  3 rats (D:1)
27 creatures vanquished.

Notes
Turn   | Place    | Note
-------+----------+-------------------------------------------
     0 | D:1      | qw the Gargoyle Hexslinger began the quest for the Orb.
     0 | D:1      | Reached XP level 1. HP: 12/12 MP: 2/2
     0 | D:1      | 0 ||| qw: Version: 0.3-a-52-g30416fa
     0 | D:1      | 0 ||| qw: Game counter: 4956
     0 | D:1      | 0 ||| qw: Melee chars always use a shield: true
     0 | D:1      | 0 ||| qw: God list: Okawaru
     0 | D:1      | 0 ||| qw: Allow faded altars: false
     0 | D:1      | 0 ||| qw: Do Orc after clearing Dungeon:15 true
     0 | D:1      | 0 ||| qw: Do second Lair branch before Depths: true
     0 | D:1      | 0 ||| qw: Lair rune preference: random
     0 | D:1      | 0 ||| qw: Goals: Normal
     0 | D:1      | 0 ||| PLANNING D:1-11
   242 | D:1      | Reached XP level 2. HP: 16/16 MP: 3/3
   419 | D:1      | Reached skill level 3 in Ranged Weapons
   886 | D:1      | 886 ||| UPGRADING to +0 leather armour.
   896 | D:1      | 896 ||| DROPPING +0 robe.
   897 | D:1      | 897 ||| UPGRADING to +0 ring mail.
   907 | D:1      | 907 ||| DROPPING +0 leather armour.
   908 | D:1      | 908 ||| UPGRADING to amulet of reflection.
   913 | D:1      | 913 ||| READING 3 scrolls labelled ONICKE BEIMUEJA.
   914 | D:1      | 914 ||| READING scroll labelled GIUFIS FUULISH.
   915 | D:1      | 915 ||| READING scroll labelled TEIXTU UMOSATT.
   916 | D:1      | 916 ||| READING scroll labelled YCAOQU CAVVO.
   917 | D:1      | 917 ||| READING scroll labelled DUETIA QOAQ.
   922 | D:1      | 922 ||| READING scroll labelled RAMUPSE OXTA.
   923 | D:1      | 923 ||| DRINKING 2 inky potions.
   924 | D:1      | 924 ||| READING 2 scrolls of identify.
   924 | D:1      | 924 ||| IDENTIFYING cyan potion
   925 | D:1      | 925 ||| DROPPING scroll of poison.
   926 | D:1      | 926 ||| DROPPING potion of berserk rage.
   978 | D:2      | Reached XP level 3. HP: 17/22 MP: 4/4
  1027 | D:2      | Noticed Sigmund
  1043 | D:2      | Slain by Sigmund

Levels and vault maps discovered:
D:1:      minmay_arrival_five_plusses, layout_loops_corners, minmay_box_of_dots
D:2:      layout_loops_corners, uniq_sigmund

Skill      XL: |  1  2 |
---------------+-------+-----
Ranged Weapons | 3 |  3.1
Fighting       | 2 |  2.3
Dodging        | |  1.5
Spellcasting   | |  1.0
Hexes          | |  2.6

Action                     || total
---------------------------++-------
   Fire: Sling             ||    92
    Use: Scroll            ||     7
         Potion            ||     1
 Armour: Robe              ||     9
         Ring mail         ||    12
  Dodge: Dodged            ||    44
  Block: Other             ||     8

Table legend:
 A = Non-vault XP
 B = Vault XP
 C = Vault XP percentage of total XP
 D = Non-vault monster count
 E = Vault monster count
 F = Vault count percentage of total count
                 A         B        C        D         E       F
            +---------+---------+-------+---------+---------+-------
      Total |      48 |       4 |   7.7 |      24 |       3 |  11.1
            +---------+---------+-------+---------+---------+-------
        D:1 |      28 |       4 |  12.5 |      19 |       3 |  13.6
        D:2 |      20 |       0 |   0.0 |       5 |       0 |   0.0
            +---------+---------+-------+---------+---------+-------
